 Dungeon Crawl Stone Soup version 0.25-a0-697-g890751e744 (webtiles) character file.

Game seed: 7833551739024853588, levelgen mode: deterministic

39692 LeSimio the Zephyrmancer (level 14, -6/88 HPs)
             Began as a Tengu Air Elementalist on Apr 1, 2020.
             Was a High Priest of Ashenzari.
             Mangled by a sun demon (12 damage)
             ... in a volcano.
             The game lasted 01:05:50 (20668 turns).

LeSimio the Zephyrmancer (Tengu Air Elementalist)  Turns: 20668, Time: 01:05:51

Health: -6/88      AC: 10    Str: 10    XL:     14   Next: 7%
Magic:  5/33       EV: 22    Int: 17    God:    Ashenzari [*****.]
Gold:   1395       SH:  7    Dex: 19    Spells: 3/25 levels left

rFire    . . .     SeeInvis +   a - +2 falchion (elec) (curse)
rCold    . . .     Gourm    .   j - -1 buckler (curse)
rNeg     . . .     Faith    .   u - +0 troll leather armour (curse)
rPois    .         Spirit   .   (helmet restricted)
rElec    .         Reflect  .   w - +0 cloak (curse)
rCorr    +         Harm     .   E - +0 pair of gloves (curse)
MR       +....     Clarity  +   (boots unavailable)
Stlth    ++........             N - amulet of magic regeneration
HPRegen  0.64/turn              y - ring of magical power
MPRegen  0.48/turn              C - ring of resist corrosion

@: flying quickly and evasively, very slightly contaminated, quick
A: beak, talons 3, iridescent scales 1, berserk 1, strong 1, MP-powered wands,
able to fly
a: Stop Flying, Curse Item, Scrying, Transfer Knowledge, Renounce Religion


You were in a volcano.
You worshipped Ashenzari.
Ashenzari was extremely pleased with you.
You were near starving.

You visited 4 branches of the dungeon, and saw 18 of its levels.
You also visited: Volcano.

You collected 1396 gold pieces.
You spent 1 gold pieces at shops.

Inventory:

Hand Weapons
 a - a cursed +2 falchion of electrocution (weapon)
 b - a +1 dagger of electrocution
Armour
 j - a cursed -1 buckler (worn)
 m - a +2 robe of magic resistance
 n - a +1 tower shield
 u - a cursed +0 troll leather armour (worn)
 v - a +0 ring mail
 w - a cursed +0 cloak (worn)
 x - a +1 pair of gloves
 E - a cursed +0 pair of gloves (worn)
Magical Staves
 H - an uncursed staff of air
Jewellery
 y - a ring of magical power (left hand)
 A - an uncursed amulet of harm
 C - a ring of resist corrosion (right hand)
 I - a +5 ring of intelligence
 J - an uncursed ring of magical power
 M - an uncursed ring of ice
 N - an amulet of magic regeneration (around neck)
Wands
 l - a wand of enslavement (6)
 t - a wand of polymorph (6)
 F - a wand of digging (6)
 L - a wand of paralysis (10)
 Q - a wand of iceblast (12)
Scrolls
 d - 6 scrolls of remove curse
 e - 2 scrolls of enchant armour
 f - 7 scrolls of teleportation
 p - 5 scrolls of fear
 K - a scroll of magic mapping
 O - a scroll of identify
 P - a scroll of amnesia
Potions
 g - 3 potions of might
 h - 3 potions of flight {unknown}
 i - 3 potions of cancellation {unknown}
 k - 5 potions of stabbing
 o - 2 potions of magic
 q - 5 potions of lignification {unknown}
 r - 3 potions of heal wounds {unknown}
 s - a potion of mutation
 z - 9 potions of curing
 B - 2 potions of haste
 G - 2 potions of ambrosia {unknown}
Comestibles
 c - 23 rations


   Skills:
 + Level 10.9 Fighting
 + Level 9.6(13.4) Long Blades
 + Level 10.5 Armour
 - Level 6.5(9.2) Dodging
 + Level 10.6(13.0) Shields
 - Level 6.0 Spellcasting
 - Level 6.0 Conjurations
 + Level 12.9 Air Magic


You had 3 spell levels left.
You knew the following spells:

 Your Spells              Type           Power        Failure   Level  Hunger
a - Shock                 Conj/Air       ####         1%          1    None
b - Swiftness             Chrm/Air       ####....     1%          2    None
c - Static Discharge      Conj/Air       #####...     1%          3    ##.....
d - Airstrike             Air            #####.....   1%          4    ####...
e - Lightning Bolt        Conj/Air       #####.....   9%          5    #####..
f - Corpse Rot            Necr/Air       N/A          1%          2    None
g - Poisonous Vapours     Pois/Air       ####..       1%          2    None
h - Mephitic Cloud        Conj/Pois/Air  ####....     3%          3    ##.....

Your spell library contained the following spells:

 Spells                   Type           Power        Failure   Level  Hunger
 Apportation              Tloc           #.....       16%         1    None
 Beastly Appendage        Tmut           #.....       16%         1    None
 Freeze                   Ice            #...         16%         1    None
 Summon Butterflies       Summ           #.......     16%         1    None
 Sticks to Snakes         Tmut           #.......     24%         2    None
 Frozen Ramparts          Ice            #.....       43%         3    ##.....
 Lesser Beckoning         Tloc           #.........   43%         3    ##.....
 Ozocubu's Armour         Chrm/Ice       #.......     43%         3    ##.....
 Recall                   Summ/Tloc      N/A          43%         3    ##.....
 Spider Form              Tmut/Pois      #.........   43%         3    ##.....
 Tukima's Dance           Hex            #.......     43%         3    ##.....
 Silence                  Hex/Air        ####......   32%         5    #####..
 Hailstorm                Conj/Ice       ###.....     43%         4    ####...
 Conjure Ball Lightning   Conj/Air       #####.....   45%         6    #######
 Cause Fear               Hex            #.........   85%         4    ####...
 Ice Form                 Ice/Tmut       #.......     85%         4    ####...
 Summon Ice Beast         Ice/Summ       #.......     85%         4    ####...
 Deflect Missiles         Chrm/Air       ####......   87%         6    #######
 Alistair's Intoxication  Tmut/Pois      #.......     99%         5    #####..
 Aura of Abjuration       Summ           #.........   99%         5    #####..
 Blade Hands              Tmut           #.........   99%         5    #####..
 Summon Demon             Summ           #.........   99%         5    #####..
 Summon Forest            Summ/Tloc      #.........   99%         5    #####..
 Summon Mana Viper        Hex/Summ       #.......     99%         5    #####..
 Yara's Violent Unravell  Hex/Tmut       #.........   99%         5    #####..
 Invisibility             Hex            #.......     100%        6    #######
 Shadow Creatures         Summ           N/A          100%        6    #######
 Discord                  Hex            #.........   100%        8    #######


Dungeon Overview and Level Annotations

Branches:
Dungeon (10/15)            Temple (1/1) D:5            Lair (6/6) D:10
  Swamp (0/4) Lair:4        Snake (0/4) Lair:2        Slime (0/5) Lair:5
    Orc (1/2) D:9         Volcano (1/1)

Altars:
Ashenzari
Cheibriados
Dithmenos
Elyvilon
Fedhas
Gozag
Hepliaklqana
Kikubaaqudgha
Makhleb
Nemelex Xobeh
Okawaru
Qazlal
Ru
Sif Muna
Trog
Uskayaw
Vehumet
Wu Jian
Xom
Yredelemnul
Zin
The Shining One
Beogh
Jiyva

Shops:
D:5 [   D:6 :   D:9 ?

Annotations:
Lair:3 3 runed translucent doors, Duffy's ghost, journeyman NaGl; dvd2's ghost, journeyman FeCj
Lair:5 1 runed translucent door
Lair:6 Snorg
Orc:1 1 runed translucent door, Juesm's ghost, journeyman DsNe


Innate Abilities, Weirdness & Mutations

You have a beak for a mouth.
You have claws for feet.
You can fly continuously.
You are partially covered in iridescent scales. (AC +2)
You tend to lose your temper in combat.
Your muscles are strong. (Str +2)
You expend magic power (3 MP) to strengthen your wands.


Message History

You hit the sun demon but do no damage.
The sun demon is severely wounded.
The sun demon misses you.
You riposte.
You barely miss the sun demon. You claw the sun demon.
The sun demon is almost dead.
You hit the sun demon but do no damage. Your kick misses the sun demon.
The sun demon is almost dead.
You block the sun demon's attack.
You barely miss the sun demon. You claw the sun demon.
Your peck misses the sun demon.
The sun demon is almost dead.
You barely miss the sun demon.
The sun demon is almost dead.
The sun demon closely misses you.
You hit the sun demon but do no damage. Your kick misses the sun demon.
The sun demon is almost dead.
The sun demon hits you!!
* * * LOW HITPOINT WARNING * * *
You are engulfed in flames!
You die...

≈§≈≈≈≈§.#################.§≈≈§§≈≈
≈≈≈§§§≈.#, +.....+, #.≈≈≈≈§≈≈
§§§≈§≈≈.# ∩, .8_8. #.≈≈≈≈≈§≈
≈§≈§≈§§.#, , ..., , #.≈≈≈≈§≈§
≈§§≈≈≈≈.###+ **#'#* ###..≈≈§≈§≈
○≈≈≈≈≈§§#..,, ,#h#, , ..#.≈§§≈§§≈
≈≈≈≈≈≈§.### ,#u# * ##.≈§≈§≈≈§
≈≈≈§≈≈≈.#, ∆∆* #3#, ∆∆{ #.≈≈§≈§≈≈
≈§§§≈≈≈.# ∆∆*{#@#,*∆∆∆,#§§≈≈≈≈≈≈
§≈§§≈§≈.# ,∆∆ {#.# *∆∆,,#§≈§§§≈≈≈
§≈§§§≈≈.# , , #.# ,,,#§.§§§§§≈
≈≈≈≈§≈≈.########'########.≈≈≈§≈§§
§≈§≈§§≈§.............§§..≈≈≈§≈§§§
≈§≈≈§≈≈≈.§§≈≈§§≈≈≈§≈≈§≈§§≈≈≈§≈≈§§
≈≈≈§§≈§§§§§≈≈≈≈≈≈≈§≈≈§§≈§≈§≈§§§§≈
≈≈≈≈≈≈≈§≈≈§≈≈§≈§≈≈≈§§≈§≈≈≈≈§≈§≈§§
≈≈≈§≈≈≈§≈§§§≈§≈≈§≈§§§≈≈≈≈≈≈≈§§≈≈§


You could see a red ugly thing, a sun demon and a hell hound.

Vanquished Creatures
  An ettin (Orc:1)
  3 hydras
  2 two-headed ogres
  An unseen horror (D:10)
  Pikel (D:4)
  4 lindwurms (Lair:2)
  An oklob plant (Lair:2)
  An orc sorcerer (Orc:1)
  An ugly thing (Volcano)
  6 black mambas
  10 spiny frogs
  4 rime drakes
  6 komodo dragons
  A red devil (Volcano)
  A polar bear (Lair:5)
  6 trolls
  A tyrant leech (Lair:6)
  15 blink frogs
  9 hippogriffs
  A wyvern (Lair:4)
  42 yaks
  2 fire bats (Volcano)
  A basilisk (Lair:2)
  7 vampire mosquitoes
  A steam dragon (D:9)
  4 hungry ghosts
  4 nagas (Lair:2)
  A warg (Orc:1)
  12 water moccasins
  10 porcupines
  Duvessa (D:4)
  6 orc warriors
  An ice beast (D:9)
  2 black bears (D:7)
  A slave (D:4)
  A hornet zombie (D:6)
  A sky beast (D:9)
  7 ogres
  6 wolves (D:10)
  3 centaurs
  7 crocodiles
  A big kobold (D:9)
  18 bullfrogs
  Dowan (D:4)
  4 scorpions
  18 killer bees
  5 wights (D:9)
  A centaur zombie (D:8)
  7 crimson imps
  A howler monkey (D:7)
  5 lava snakes (Volcano)
  5 hounds
  3 jellies
  A bullfrog zombie (D:6)
  7 orc priests
  A gnoll shaman (D:6)
  A bullfrog skeleton (D:9)
  9 orc wizards
  3 iguanas (D:9)
  10 worker ants
  2 hound zombies
  A hound skeleton (D:4)
  Robin (D:3)
  4 gnolls (D:6)
  7 adders
  A shadow imp (D:7)
  3 adder skeletons
  2 worms
  A dart slug (D:3)
  2 leopard geckos
  70 orcs
  6 giant cockroaches
  14 goblins
  10 hobgoblins
  11 jackals
  14 kobolds
  A quokka (D:9)
  5 bats
  2 frilled lizards
  A leopard gecko zombie (D:7)
  6 rats
460 creatures vanquished.

Vanquished Creatures (others)
  An orc wizard (D:8)
  23 plants (Lair:6)
  3 withered plants (Lair:3)
27 creatures vanquished.

Grand Total: 487 creatures vanquished

Notes
Turn   | Place    | Note
-------+----------+-------------------------------------------
     0 | D:1      | LeSimio the Tengu Air Elementalist began the quest for the
                  | Orb.
     0 | D:1      | Reached XP level 1. HP: 10/10 MP: 4/4
   611 | D:1      | Reached XP level 2. HP: 16/16 MP: 1/6
   615 | D:1      | Learned a level 2 spell: Swiftness
  1215 | D:2      | Reached XP level 3. HP: 15/20 MP: 7/7
  1439 | D:2      | Reached skill level 1 in Fighting
  1619 | D:2      | Found a shattered altar of Ashenzari,
  1620 | D:2      | Found a bloodstained altar of Trog,
  1626 | D:2      | Became a worshipper of Ashenzari the Shackled
  1737 | D:3      | Reached XP level 4. HP: 17/25 MP: 5/8
  1745 | D:3      | Learned a level 3 spell: Static Discharge
  1953 | D:3      | Found a radiant altar of Vehumet,
  2246 | D:3      | Found a snail-covered altar of Cheibriados,
  2284 | D:3      | Gained mutation: You can fly continuously. [Tengu growth]
  2284 | D:3      | Reached XP level 5. HP: 17/30 MP: 4/10
  2424 | D:3      | Reached skill level 5 in Air Magic
  2838 | D:3      | Found a burning altar of Makhleb,
  2852 | D:3      | Reached XP level 6. HP: 28/35 MP: 7/11
  2859 | D:3      | Learned a level 4 spell: Airstrike
  2889 | D:3      | Found a glowing silver altar of Zin,
  2890 | D:3      | Noticed an angel
  2890 | D:3      | Noticed a blizzard demon
  3312 | D:4      | Noticed Robin
  3334 | D:3      | Killed Robin
  4032 | D:4      | Reached XP level 7. HP: 33/40 MP: 6/13
  4138 | D:4      | Noticed Dowan
  4139 | D:4      | Noticed Duvessa
  4171 | D:4      | Killed Duvessa
  4171 | D:4      | Reached skill level 6 in Air Magic
  4887 | D:4      | Reached * piety under Ashenzari
  5249 | D:4      | Noticed Pikel
  5267 | D:4      | Killed Pikel
  5267 | D:4      | Reached skill level 5 in Dodging
  5267 | D:4      | Reached skill level 5 in Conjurations
  5267 | D:4      | Reached XP level 8. HP: 31/48 MP: 5/15
  5416 | D:4      | Killed Dowan
  5611 | D:5      | Entered Level 5 of the Dungeon
  5611 | D:5      | Found Vupsev's Armour Shop,
  5747 | D:5      | Found a staircase to the Ecumenical Temple,
  5861 | Temple   | Entered the Ecumenical Temple
  6849 | D:6      | Learned a level 5 spell: Lightning Bolt
  7084 | D:6      | Found Femupon's Book Shop,
  7089 | D:6      | Reached XP level 9. HP: 53/53 MP: 17/17
  7115 | D:6      | Reached skill level 5 in Spellcasting
  7121 | D:6      | Reached skill level 5 in Fighting
  7864 | D:7      | Reached skill level 1 in Armour
  8402 | D:7      | Found a sparkling altar of Nemelex Xobeh,
  8625 | D:7      | Reached skill level 5 in Shields
  8689 | D:7      | Found a shimmering blue altar of Sif Muna,
  8915 | D:7      | Found an ornate altar of the Wu Jian Council,
  9288 | D:8      | Reached XP level 10. HP: 60/60 MP: 20/20
  9343 | D:8      | Reached ** piety under Ashenzari
  9599 | D:8      | Reached skill level 1 in Maces & Flails
 10090 | D:5      | Bought a cursed -1 buckler for 1 gold piece
 10271 | D:9      | Reached skill level 7 in Air Magic
 10292 | D:9      | Reached skill level 1 in Long Blades
 10489 | D:9      | Found Gacau's Magic Scroll Boutique,
 10512 | D:9      | Found a staircase to the Orcish Mines,
 10605 | D:9      | Noticed a two-headed ogre
 10628 | D:9      | Killed a two-headed ogre
 10628 | D:9      | Reached skill level 5 in Armour
 10851 | D:9      | Reached skill level 8 in Air Magic
 10989 | D:9      | Reached XP level 11. HP: 67/67 MP: 21/21
 11477 | D:10     | Entered Level 10 of the Dungeon
 11791 | D:10     | Noticed a two-headed ogre
 11810 | D:10     | Killed a two-headed ogre
 11810 | D:10     | Reached skill level 9 in Air Magic
 11830 | D:10     | Killed an unseen horror
 11891 | D:10     | Found a staircase to the Lair,
 12005 | D:10     | Reached skill level 5 in Long Blades
 12023 | D:10     | Reached *** piety under Ashenzari
 12057 | D:10     | Identified the cursed +0 plate armour of Tear {Int+3}
 12433 | Orc:1    | Entered Level 1 of the Orcish Mines
 12433 | Orc:1    | Found a runed translucent door,
 12595 | Orc:1    | Noticed an orc sorcerer
 12597 | Orc:1    | Killed an orc sorcerer
 12611 | Orc:1    | Noticed an ettin
 12621 | Orc:1    | Noticed Juesm's ghost (journeyman DsNe)
 12625 | Orc:1    | Killed an ettin
 12862 | Orc:1    | Found a roughly hewn altar of Beogh,
 13122 | Lair:1   | Entered Level 1 of the Lair of Beasts
 13184 | D:10     | Reached skill level 10 in Air Magic
 13246 | Lair:1   | Reached XP level 12. HP: 75/75 MP: 22/22
 13455 | Lair:1   | Identified a scroll of acquirement
 13455 | Lair:1   | Identified LeSimio's Almanac of Weightlessness (You
                  | acquired it on level 1 of the Lair of Beasts)
 13455 | Lair:1   | Identified the cursed +6 dire flail of Eternity {protect,
                  | *Contam +Inv rF++ rC+ SInv} (You acquired it on level 1 of
                  | the Lair of Beasts)
 13460 | Lair:1   | Learned a level 2 spell: Corpse Rot
 13463 | Lair:1   | Learned a level 2 spell: Poisonous Vapours
 13467 | Lair:1   | Learned a level 3 spell: Mephitic Cloud
 13800 | Lair:1   | Noticed a six-headed hydra
 13815 | Lair:1   | Killed a six-headed hydra
 14062 | Lair:1   | Noticed a seven-headed hydra
 14087 | Lair:1   | Killed a seven-headed hydra
 14452 | Lair:1   | Reached **** piety under Ashenzari
 14726 | Lair:2   | Identified the cursed +0 robe "Tuofrei" {rN+ Str+3 Stlth+}
 14911 | Lair:2   | Reached skill level 11 in Air Magic
 15626 | Lair:2   | Found a staircase to the Snake Pit,
 15954 | Lair:2   | Reached XP level 13. HP: 82/82 MP: 23/23
 16708 | Lair:3   | Reached skill level 10 in Fighting
 17061 | Lair:3   | Gained mutation: You are partially covered in iridescent
                  | scales. (AC +2) [potion of mutation]
 17061 | Lair:3   | Gained mutation: You expend magic power (3 MP) to
                  | strengthen your wands. [potion of mutation]
 17061 | Lair:3   | Gained mutation: You tend to lose your temper in combat.
                  | [potion of mutation]
 17061 | Lair:3   | Gained mutation: Your muscles are strong. (Str +2) [potion
                  | of mutation]
 17119 | Lair:3   | Found a runed translucent gate,
 17119 | Lair:3   | Found a runed translucent gate,
 17119 | Lair:3   | Found a runed translucent gate,
 17123 | Lair:3   | Noticed dvd2's ghost (journeyman FeCj)
 17123 | Lair:3   | Noticed Duffy's ghost (journeyman NaGl)
 17225 | Lair:3   | Reached ***** piety under Ashenzari
 17576 | Lair:4   | Reached skill level 12 in Air Magic
 17758 | Lair:4   | Found a staircase to the Swamp,
 18107 | Lair:4   | Reached skill level 10 in Shields
 18320 | Lair:4   | Reached skill level 10 in Armour
 19468 | Lair:5   | Found a runed translucent door,
 19468 | Lair:5   | Found a viscous altar of Jiyva,
 19468 | Lair:5   | Found a staircase to the Slime Pits,
 19468 | Lair:5   | Noticed an acid blob
 19972 | Lair:5   | Reduced skill Stealth to level 1
 19978 | Lair:6   | Entered Level 6 of the Lair of Beasts
 20065 | Lair:6   | Reached XP level 14. HP: 88/88 MP: 21/24
 20077 | Lair:6   | Identified the +4 arbalest of Midnight {vorpal, MP+9}
 20208 | Lair:6   | Noticed Snorg
 20243 | Lair:6   | Found a dark tunnel,
 20249 | Volcano  | Entered a volcano
 20652 | Volcano  | Found a radiant altar of Vehumet,
 20668 | Volcano  | Mangled by a sun demon

Levels and vault maps discovered:
D:1:      eino_arrival_water_cross, layout_basic, chequers_mini_garden,
          minmay_misc_feat_square, minmay_heptomino_d4
D:2:      layout_rooms, gammafunk_temple_overflow_pools
D:3:      layout_basic, grunt_temple_overflow_order_and_chaos_2,
          vehumet_crystals, lemuel_doored_altar
D:4:      layout_basic, first_ration, uniq_robin, uniq_duvessa, uniq_pikel
D:5:      layout_rooms, minmay_temple_entry_nine_rooms, serial_shops, shop
D:6:      layout_loops_ring, serial_shops, shop, minmay_fractal_squares_5
D:7:      layout_layer_cave, lemuel_crystal_altar, lemuel_blue_sif_altar,
          grunt_ogre_cave, roderic_filled_cross, nemelex_spade_bored_becter
D:8:      layout_basic, special_room [special_room_orc]
D:9:      layout_roguey, orc_0_dummy, serial_shops, shop
D:10:     layout_irregular_city, lair_entry_dummy
Temple:   eino_temple_water
Lair:1:   layout_small_grid, chequers_serial_rivers_micro_e
Lair:2:   layout_gridlike, minmay_snake_entry_guardpost_small,
          minmay_lindwurm_lava
Lair:3:   layout_chaotic_city, gammafunk_ghost_cemetery, minmay_hedge_maze,
          st_stairs_11, grunt_megastairs_2
Lair:4:   layout_regular_city, minmay_swamp_entry_swarm,
          infiniplex_staircase_pool
Lair:5:   layout_cave_pods, slime_altar_2
Lair:6:   minmay_lair_end_frog_pond, layout_cave_shapes,
          nicolae_volcano_entry_hallway, st_stairs_10, lemuel_fruit_fields,
          uniq_snorg
Orc:1:    layout_diamond_mine, basic_altar, ebering_ghost_inner_flame,
          library_closet
Volcano:  volcano_lake [vl_original]

Skill      XL: |  1  2  3  4  5  6  7  8  9 10 11 12 13 |
---------------+----------------------------------------+-----
Conjurations   | 2 3 4 5 6 |  6.0
Fighting       | 1 2 3 4 6 7 8 9 10 | 10.9
Dodging        | 3 4 5 6 |  6.5
Air Magic      | 5 6 8 10 11 12 | 12.9
Spellcasting   | 3 4 6 |  6.0
Shields        | 2 3 5 6 8 9 10 | 10.6
Armour         | 3 5 7 9 10 | 10.5
Maces & Flails | 1 0 |  0.0
Long Blades    | 3 6 7 9 |  9.6
Stealth        | 0 |  0.0

Action                   |  1- 3 |  4- 6 |  7- 9 | 10-12 | 13-15 || total
-------------------------+-------+-------+-------+-------+-------++-------
Melee: Hand axe          |    45 |     1 |       |       |       ||    46
       Kick              |    11 |    12 |    22 |    65 |    99 ||   209
       Falchion          |       |    13 |       |   262 |   237 ||   512
       Peck              |       |     9 |    16 |    61 |    61 ||   147
       Dagger            |       |    22 |       |       |       ||    22
       Flail             |       |    10 |     1 |       |       ||    11
       Whip              |       |       |   100 |    32 |       ||   132
 Cast: Shock             |    36 |    88 |   120 |   184 |    35 ||   463
       Static Discharge  |       |     3 |     3 |    17 |    18 ||    41
       Swiftness         |       |     1 |       |       |       ||     1
       Airstrike         |       |       |    27 |    94 |    77 ||   198
       Lightning Bolt    |       |       |       |    18 |    13 ||    31
       Corpse Rot        |       |       |       |     1 |       ||     1
Invok: Curse Item        |       |       |     1 |     3 |       ||     4
       Transfer Knowledg |       |       |       |       |     2 ||     2
 Abil: Fly               |       |     1 |       |       |       ||     1
Evoke: Wand              |       |       |       |     1 |       ||     1
  Use: Scroll            |       |       |    12 |     5 |     2 ||    19
       Potion            |       |       |       |       |     1 ||     1
 Stab: Sleeping          |     1 |     4 |     3 |     2 |     7 ||    17
       Distracted        |       |       |     1 |       |       ||     1
  Eat: Chunk             |     3 |     8 |    16 |    35 |    13 ||    75
       Ration            |       |       |     1 |     2 |     5 ||     8
Armor: Robe              |    11 |     7 |    17 |     3 |       ||    38
       Ring mail         |       |     5 |     2 |       |       ||     7
       Troll leather arm |       |       |       |    22 |    44 ||    66
Dodge: Dodged            |    52 |    57 |   130 |   236 |   235 ||   710
Block: Buckler           |       |       |       |    70 |    79 ||   149
       Rpst.: Falchion   |       |     2 |       |    45 |    74 ||   121

Table legend:
 A = Non-vault XP
 B = Vault XP
 C = Vault XP percentage of total XP
 D = Non-vault monster count
 E = Vault monster count
 F = Vault count percentage of total count
                 A         B        C        D         E       F
            +---------+---------+-------+---------+---------+-------
      Total |   46731 |    9973 |  17.6 |     375 |      85 |  18.5
            +---------+---------+-------+---------+---------+-------
        D:1 |      19 |       5 |  20.8 |      11 |       4 |  26.7
        D:2 |      35 |       0 |   0.0 |      14 |       0 |   0.0
        D:3 |     293 |      18 |   5.8 |      32 |       3 |   8.6
        D:4 |     400 |     842 |  67.8 |      18 |      11 |  37.9
        D:5 |     360 |       0 |   0.0 |      10 |       0 |   0.0
        D:6 |     473 |     275 |  36.8 |      15 |       3 |  16.7
        D:7 |    1858 |     130 |   6.5 |      26 |       1 |   3.7
        D:8 |     818 |     116 |  12.4 |      17 |      26 |  60.5
        D:9 |    5387 |       0 |   0.0 |      54 |       0 |   0.0
       D:10 |    3875 |       0 |   0.0 |      36 |       0 |   0.0
     Lair:1 |    7168 |       0 |   0.0 |      25 |       0 |   0.0
     Lair:2 |    5148 |    3572 |  41.0 |      18 |       9 |  33.3
     Lair:3 |    3757 |     898 |  19.3 |      18 |       5 |  21.7
     Lair:4 |    6992 |     908 |  11.5 |      28 |       5 |  15.2
     Lair:5 |    7103 |     746 |   9.5 |      31 |       4 |  11.4
     Lair:6 |       0 |    1003 | 100.0 |       0 |       5 | 100.0
      Orc:1 |    3045 |       0 |   0.0 |      22 |       0 |   0.0
    Volcano |       0 |    1460 | 100.0 |       0 |       9 | 100.0
            +---------+---------+-------+---------+---------+-------
